 Dungeon Crawl Stone Soup version 0.30.1-11-g7821555f0a (webtiles) character file.

Game seed: 12937179774421009809

709 lonewolfV2 the Chopper (level 7, -5/63 HPs)
             Began as a Minotaur Fighter on Nov 3, 2023.
             Succumbed to Duvessa's poison
             ... on level 5 of the Dungeon.
             The game lasted 00:11:34 (3987 turns).

lonewolfV2 the Chopper (Minotaur Fighter)           Turns: 3987, Time: 00:11:35

Health: -5/63      AC: 10    Str: 18    XL:     7   Next: 40%
Magic:  6/6        EV: 11    Int: 13    God:
Gold:   299        SH:  9    Dex: 10    Spells: 6/6 levels left

rFire   . . .        a - +0 war axe
rCold   . . .        c - +0 buckler
rNeg    . . .        b - +0 scale mail
rPois   .            (helmet restricted)
rElec   .            (no cloak)
rCorr   .            r - +0 pair of gloves
SInv    .            (no boots)
Will    .....        v - amulet of reflection Stlth
                     (no ring)
HPRegen 0.30/turn    (no ring)
MPRegen 0.10/turn

%: reflection
@: lethally poisoned (-5 -> -35)
A: horns 2, retaliatory headbutt, iridescent scales 1, clever 2, robust 1
a: no special abilities


You were on level 5 of the Dungeon.
You visited 2 branches of the dungeon, and saw 6 of its levels.

You collected 299 gold pieces.

Inventory:

Hand Weapons
 a - a +0 war axe (weapon)
Armour
 b - a +0 scale mail (worn)
 c - a +0 buckler (worn)
 i - a +0 pair of gloves
 r - a +0 pair of gloves (worn)
Jewellery
 f - an amulet of magic regeneration
 g - an amulet of guardian spirit
 v - an amulet of reflection (around neck)
Wands
 h - a wand of iceblast (7)
Scrolls
 u - a scroll of identify
Potions
 d - a potion of might
 e - a potion of degeneration
 j - a potion of brilliance {unknown}
 k - 4 potions of ambrosia
 l - 2 potions of haste
 m - 2 potions of curing
 n - a potion of berserk rage {unknown}
 o - a potion of magic {unknown}
 p - 2 potions of cancellation
 q - a potion of heal wounds {unknown}
 s - a potion of attraction {unknown}
 t - 2 potions of lignification {unknown}


   Skills:
 - Level 3.9 Fighting
 + Level 6.6 Axes
 - Level 3.6 Armour
 * Level 6.6 Dodging
 - Level 3.6 Shields


You had 6 spell levels left.
You didn't know any spells.
Your spell library contained the following spells:

 Spells                   Type           Power      Damage    Failure   Level
 Apportation              Tloc           0%         N/A       77%         1
 Beastly Appendage        Tmut           0%         N/A       77%         1
 Necrotise                Necr           0%         1d4       77%         1
 Summon Small Mammal      Summ           0%         N/A       77%         1
 Wereblood                Tmut           0%         N/A       88%         2
 Spider Form              Tmut/Pois      0%         N/A       98%         3


Dungeon Overview and Level Annotations

Branches:
Dungeon (5/15)             Temple (1/1) D:4

Altars:
Ashenzari
Dithmenos
Fedhas
Gozag
Hepliaklqana
Nemelex Xobeh
Okawaru
Ru
Sif Muna
Vehumet
Wu Jian
Xom
Yredelemnul
Zin
The Shining One

Annotations:
D:5 Duvessa


Innate Abilities, Weirdness & Mutations

You have a pair of horns on your head.
You reflexively headbutt those who attack you in melee.
You are partially covered in iridescent scales. (AC +2)
Your mind is very acute. (Int +8, Str/Dex -2)
You are robust. (+10% HP)


Message History

You hit the fungus. You barely miss Duvessa.
A nearby fungus withers and dies.
You block the black bear's attack. The black bear barely misses you.
You block the black bear's attack.
Duvessa hits you with a +5 short sword of venom!
You are poisoned.
Dowan hits you but does no damage. Duvessa hits you but does no damage.
The black bear bites you. You block the black bear's attack.
The black bear claws you but does no damage.
You barely miss the black bear. You headbutt the black bear!
The black bear is almost dead.
You barely miss Duvessa. You closely miss Dowan.
You feel very sick. Dowan closely misses you. You furiously retaliate!
You headbutt Dowan. You block the black bear's attack. x3
Duvessa hits you with a +5 short sword of venom.
You are more poisoned.
You slash the black bear!
You kill the black bear!
You slash Duvessa! You miss Dowan.
You feel very sick.
Dowan points at you and mumbles some strange words.
You block puff of flame... and reflect it back!
The puff of flame hits Dowan!
You kill Dowan!
Duvessa weeps, and shakes her weapon.
Duvessa goes berserk!
You block Duvessa's attack.
You feel very sick.
Duvessa hits you with a +5 short sword of venom.
You are more poisoned.
You see here a black bear corpse.
You slash Duvessa! You headbutt Duvessa, but do no damage.
Duvessa is heavily wounded.
You feel very sick.
Duvessa hits you with a +5 short sword of venom!!
* * * LOW HITPOINT WARNING * * *
You are more poisoned.
Duvessa closely misses you.
You barely miss Duvessa. Your headbutt misses Duvessa.
Duvessa is heavily wounded.
You die...

........# ...........#
...........#
...........#
...........#
...........#
...........###
.......e....P#
.......@....P# ########
.......)....P# ........
........P....## ........
........PP..†.##.......?
...........##.....# ##.#
.........######..####...
.........# ##..####....
........## ##..## #.....
.......###...# ##..###


You could see Duvessa (berserk).

Vanquished Creatures
  A black bear (D:5)
  2 ogres
  A phantom (D:4)
  A scorpion (D:2)
  Dowan (D:5)
  A hound (D:4)
  10 gnolls
  6 adders
  A white imp (D:3)
  3 dart slugs
  7 orcs
  9 ball pythons
  5 bats
  8 endoplasms
  5 giant cockroaches
  9 goblins
  6 hobgoblins
  3 jackals (D:1)
  5 kobolds
  6 quokkas
  4 frilled lizards
  8 rats
102 creatures vanquished.

Vanquished Creatures (others)
  A bat (D:2)
1 creature vanquished.

Grand Total: 103 creatures vanquished

Notes
Turn   | Place    | Note
-------+----------+-------------------------------------------
     0 | D:1      | lonewolfV2 the Minotaur Fighter began the quest for the
                  | Orb.
     0 | D:1      | Reached XP level 1. HP: 19/19 MP: 0/0
   179 | D:1      | Reached XP level 2. HP: 27/27 MP: 1/1
   522 | D:1      | Reached skill level 1 in Dodging
   660 | D:1      | Reached XP level 3. HP: 33/33 MP: 2/2
   983 | D:2      | Noticed a scorpion
   995 | D:2      | Killed a scorpion
   996 | D:2      | Reached XP level 4. HP: 20/40 MP: 3/3
  1210 | D:2      | Found an opulent altar of Gozag.
  1418 | D:3      | Noticed an ogre
  1430 | D:3      | Reached XP level 5. HP: 34/46 MP: 4/4
  1433 | D:3      | Killed an ogre
  1434 | D:3      | Reached skill level 5 in Axes
  1847 | D:3      | Reached XP level 6. HP: 36/52 MP: 5/5
  1986 | D:3      | Found a sacrificial altar of Ru.
  2368 | D:3      | Identified the +0 leather armour of Duxtutov {-Cast Contam
                  | rF+++ Will++}
  2473 | D:3      | Found a faded altar of an unknown god.
  2673 | D:4      | Reached skill level 5 in Dodging
  2749 | D:4      | Identified the staff of conjuration "Meshrodeu" {Will+
                  | Dex-3 SInv Stlth+}
  3066 | D:4      | Found a staircase to the Ecumenical Temple.
  3095 | Temple   | Entered the Ecumenical Temple
  3664 | D:4      | Gained mutation: You expend magic power (3 MP) to
                  | strengthen your wands. [potion of mutation]
  3664 | D:4      | Gained mutation: You are partially covered in iridescent
                  | scales. (AC +2) [potion of mutation]
  3664 | D:4      | Gained mutation: You are clumsy. (Dex -2) [potion of
                  | mutation]
  3665 | D:4      | Lost mutation: You expend magic power (3 MP) to strengthen
                  | your wands. [potion of mutation]
  3665 | D:4      | Lost mutation: You are clumsy. (Dex -2) [potion of
                  | mutation]
  3665 | D:4      | Gained mutation: You are robust. (+10% HP) [potion of
                  | mutation]
  3665 | D:4      | Gained mutation: Your mind is acute. (Int +4, Str/Dex -1)
                  | [potion of mutation]
  3665 | D:4      | Gained mutation: Your mind is very acute. (Int +8, Str/Dex
                  | -2) [potion of mutation]
  3682 | D:5      | Entered Level 5 of the Dungeon
  3831 | D:5      | Reached XP level 7. HP: 50/63 MP: 6/6
  3976 | D:5      | Noticed Duvessa
  3977 | D:5      | Noticed Dowan
  3984 | D:5      | Killed Dowan
  3986 | D:5      | HP: 3/63 [Duvessa/+5 short sword of venom (20)]
  3987 | D:5      | Succumbed to Duvessa's poison

Illustrated notes

Levels and vault maps discovered:
D:1:      heliophobic_arrival_dark_side_of_the_moon, layout_basic
D:2:      layout_rooms, basic_altar, minmay_misc_feat_columns, minmay_cupped
D:3:      wad_river_or_something, layout_basic, hangedman_ru_absence,
          hellmonk_ecumenical_altar_slurped_away, serial_bayou_pond_e
D:4:      layout_loops_cross, minmay_temple_entry_junction,
          chequers_serial_rivers_micro_c
D:5:      layout_layer_cave, minmay_gold_behind_fungi, uniq_crazy_yiuf_cottage,
          uniq_duvessa
Temple:   nicolae_temple_great_sept

Skill      XL: |  1  2  3  4  5  6 |
---------------+-------------------+-----
Axes           | 3 4 5 6 |  6.6
Dodging        | 1 2 3 4 6 |  6.6
Fighting       | |  3.9
Armour         | |  3.6
Shields        | |  3.6

Action                     |  1- 3 |  4- 6 |  7- 9 || total
---------------------------+-------+-------+-------++-------
  Melee: War axe           |    79 |   120 |    11 ||   210
         Headbutt          |    11 |    24 |     5 ||    40
    Use: Scroll            |     5 |     6 |       ||    11
         Potion            |       |     2 |       ||     2
 Armour: Scale mail        |    48 |    69 |     7 ||   124
  Dodge: Dodged            |    45 |    89 |     6 ||   140
  Block: Buckler           |    25 |    47 |    13 ||    85
         Reflection        |       |       |     2 ||     2
